 Dungeon Crawl Stone Soup version 0.31.0-32-g396128a36d (webtiles) character file.

Game seed: 1149715603521451266

12366 Fractals the Fighter (level 11, -1/138 HPs)
             Began as a Demonspawn Gladiator on Apr 11, 2024.
             Was an Initiate of Gozag.
             Slain by a cane toad (16 damage)
             ... on level 3 of the Lair of Beasts.
             The game lasted 01:00:45 (16554 turns).

Fractals the Fighter (Demonspawn Gladiator)        Turns: 16554, Time: 01:00:46

Health: -1/138     AC: 32    Str: 19    XL:     11   Next: 61%
Magic:  11/11      EV:  2    Int:  8    God:    Gozag
Gold:   359        SH:  0    Dex: 21    Spells: 10/10 levels left

rFire   . . .        f - +2 spear (protect)
rCold   . . .        (no shield)
rNeg    . . .        l - melded +0 chain mail
rPois   +            (helmet currently unavailable)
rElec   .            s - melded +2 cloak
rCorr   .            (gloves currently unavailable)
SInv    .            y - melded +1 pair of boots
Will    +....        u - amulet of magic regeneration
Stlth   +++          p - ring of willpower
HPRegen 0.43/turn    v - +6 ring of dexterity
MPRegen 0.52/turn

%: no passive effects
@: lethally poisoned (-1 -> -2), tree-form, under a protective aura
A: stationary, stasis, torment immunity, boosted hp, (horns 1), ignite blood 1,
(sturdy frame 2), demonic magic 1
a: Renounce Religion, Potion Petition, Call Merchant, Bribe Branch


You were on level 3 of the Lair of Beasts.
You worshipped Gozag.
Gozag was aware of your devotion.
You were a tree.
You visited 3 branches of the dungeon, and saw 13 of its levels.

You collected 1581 gold pieces.
You paid 1222 gold pieces to Gozag.

Inventory:

Hand Weapons
 f - a +2 spear of protection (weapon)
 C - a +4 flail
Missiles
 b - 8 poisoned darts (quivered)
 e - a throwing net
 B - a javelin
Armour
 l - a +0 chain mail (melded)
 s - a +2 cloak (melded)
 y - a +1 pair of boots (melded)
Magical Staves
 g - a staff of earth
 n - a staff of air
Jewellery
 o - a ring of ice
 p - a ring of willpower (left branch)
 u - an amulet of magic regeneration (around neck)
 v - a +6 ring of dexterity (right branch)
Wands
 d - a wand of polymorph (25)
 i - a wand of flame (17)
 q - a wand of iceblast (11)
Scrolls
 a - 6 scrolls of teleportation
 c - a scroll of fear
 h - 8 scrolls of amnesia
 j - 3 scrolls of enchant weapon
 z - a scroll of identify
Potions
 t - 2 potions of brilliance
 A - 3 potions of enlightenment


   Skills:
 + Level 10.9 Fighting
 - Level 2.6 Long Blades
 - Level 3.0 Throwing
 - Level 8.0 Armour
 + Level 7.9 Dodging
 - Level 4.0 Stealth
 - Level 8.5 Evocations


You had 10 spell levels left.
You didn't know any spells.
Your spell library contained the following spells:

 Spells                   Type           Power      Damage    Failure   Level
 Magic Dart               Conj           0%         1d3       41%         1
 Cigotuvi's Dreadful Rot  Necr/Alch/Air  0%         N/A       54%         2
 Mercury Vapours          Alch/Air       0%         N/A       54%         2
 Searing Ray              Conj           0%         2d4       54%         2
 Static Discharge         Conj/Air       0%         3-3/arc   54%         2
 Call Canine Familiar     Summ           0%         N/A       78%         3
 Hailstorm                Conj/Ice       0%         3d5       78%         3
 Mephitic Cloud           Conj/Alch/Air  0%         N/A       78%         3
 Sigil of Binding         Hex            0%         N/A       78%         3
 Airstrike                Air            0%         2d(0-16)  99%         4
 Dimensional Bullseye     Hex/Tloc       0%         N/A       99%         4
 Fulminant Prism          Conj/Alch      0%         3d5       99%         4
 Ignite Poison            Fire/Alch      0%         N/A       99%         4
 Sticky Flame             Fire/Alch      0%         2d4       99%         4
 Summon Lightning Spire   Summ/Air       0%         N/A       99%         4
 Freezing Cloud           Conj/Ice/Air   0%         6-21      100%        5
 Yara's Violent Unravell  Hex/Alch       0%         3d3       100%        5
 Ignition                 Fire           0%         3d3       100%        8


Dungeon Overview and Level Annotations

Branches:
Dungeon (9/15)             Temple (1/1) D:6            Lair (3/5) D:9
  Swamp: Lair:2-3    Shoals: Lair:2-3     Snake: Lair:2-3    Spider: Lair:2-3
    Orc: D:9-12

Altars:
Ashenzari
Cheibriados
Dithmenos
Fedhas
Gozag
Hepliaklqana
Kikubaaqudgha
Makhleb
Nemelex Xobeh
Okawaru
Qazlal
Ru
Sif Muna
Trog
Uskayaw
Vehumet
Wu Jian
Xom
Yredelemnul

Shops:
D:6 *   D:7 *

Annotations:
D:3 2 transporters, AlmostFaded's ghost, amateur OpMo
D:4 1 runed translucent door, Crazy Yiuf
Lair:2 1 runed translucent door, exclusion: oklob plant, AlmostFaded's ghost, journeyman OpSh


Innate Abilities, Weirdness & Mutations

You are a tree.
Your roots penetrate the ground, keeping you stationary.
You cannot be teleported.
You are immune to unholy pain and torment.
Your maximum health is greatly increased.
Your equipment is partially melded.
((You have a pair of small horns on your head.))
Your demonic aura sometimes causes spilled blood to erupt in flames.
((Your movements are less encumbered by armour. (ER -4)))
Spells you cast may paralyse adjacent enemies.


Message History

The cane toad is lightly wounded.
You feel very sick.
The cane toad stings you but does no damage.
You hit the cane toad.
The cane toad is moderately wounded.
You feel very sick. The cane toad closely misses you.
You barely miss the cane toad. You headbutt the cane toad.
The cane toad is moderately wounded.
You feel very sick.
The cane toad stings you but does no damage.
The cane toad barely misses you.
You hit the cane toad.
The cane toad is heavily wounded.
You feel sick. The cane toad closely misses you.
You hit the cane toad. You headbutt the cane toad.
The cane toad is severely wounded.
You feel sick.
The cane toad stings you but does no damage.
You hit the cane toad but do no damage. You headbutt the cane toad.
You punch the cane toad, but do no damage.
The cane toad is severely wounded.
You feel sick.
The cane toad stings you but does no damage.
The cane toad stings you!
* * * LOW HITPOINT WARNING * * *
It was a potion of cancellation.
You feel magically purged.
You feel sick. The cane toad misses you.
Unknown command.
You turn into a tree.
Your +2 cloak melds into your body.
Your +1 pair of boots melds into your body.
Your +0 chain mail melds into your body.
Your roots penetrate the ground.
You feel sick.
The cane toad stings you but does no damage.
Unknown command.
You hit the cane toad but do no damage.
The cane toad is severely wounded.
You feel sick. The cane toad stings you!
You die...
Your body crumbles into a pile of gold.

# ##.## ####
.##..#.###.P##
........P#..P#
...........F.#
.......<...#♣#
..........F###
...........#
...........#
$....$.......
....^.......##
#......######
.#....#


You could see a cane toad.

Vanquished Creatures
  Fannar (Lair:1)
  A two-headed ogre (D:9)
  Pikel (D:6)
  2 black mambas
  4 cane toads
  4 komodo dragons (Lair:2)
  A rime drake (Lair:2)
  A troll (D:9)
  A polar bear (Lair:2)
  Prince Ribbit (D:8)
  Sigmund (D:6)
  2 wyverns
  3 yaks (D:9)
  A golden eye (D:6)
  A basilisk (Lair:1)
  A steam dragon (D:6)
  9 water moccasins
  An acid dragon (D:9)
  4 orc warriors
  2 sky beasts
  A black bear (D:6)
  An ogre (D:3)
  11 wolves
  2 phantoms
  A kobold brigand (D:8)
  7 bullfrogs
  A gnoll sergeant (D:8)
  4 scorpions
  6 wights (D:8)
  8 killer bees
  3 bombardier beetles
  A hound (D:7)
  2 gnoll boudas
  2 jellies (D:5)
  7 orc priests
  Jessica (D:3)
  Natasha (thrice) (D:4)
  3 iguanas
  11 orc wizards
  26 gnolls
  9 adders
  9 river rats (D:6)
  2 shadow imps (D:6)
  2 dart slugs
  39 orcs
  10 endoplasms
  3 giant cockroaches
  10 hobgoblins
  7 jackals (D:3)
  5 kobolds
  12 quokkas
  A ball python (D:1)
  3 bats
  3 frilled lizards
  6 goblins
  22 rats
286 creatures vanquished.

Notes
Turn   | Place    | Note
-------+----------+-------------------------------------------
     0 | D:1      | Fractals the Demonspawn Gladiator began the quest for the
                  | Orb.
     0 | D:1      | Reached XP level 1. HP: 16/16 MP: 1/1
   349 | D:1      | Found a faded altar of an unknown god.
   381 | D:1      | Gained mutation: You have a pair of small horns on your
                  | head. [demonic ancestry]
   381 | D:1      | Reached XP level 2. HP: 22/22 MP: 2/2
   498 | D:1      | Reached skill level 1 in Stealth
   976 | D:2      | Reached XP level 3. HP: 16/28 MP: 3/3
  1145 | D:2      | Reached skill level 3 in Fighting
  1553 | D:2      | Gained mutation: Spells you cast may paralyse adjacent
                  | enemies. [demonic ancestry]
  1553 | D:2      | Reached XP level 4. HP: 24/37 MP: 4/4
  1917 | D:3      | Noticed Jessica
  1919 | D:3      | Killed Jessica
  1920 | D:3      | Reached skill level 4 in Fighting
  2067 | D:3      | Gained mutation: Your movements are slightly less
                  | encumbered by armour. (ER -2) [demonic ancestry]
  2067 | D:3      | Reached XP level 5. HP: 43/43 MP: 5/5
  2094 | D:3      | Found a bloodstained altar of Trog.
  2094 | D:3      | Found a radiant altar of Vehumet.
  2094 | D:3      | Found an ancient bone altar of Kikubaaqudgha.
  2119 | D:3      | Found a transporter.
  2122 | D:3      | Noticed AlmostFaded's ghost (amateur OpMo)
  2154 | D:3      | Noticed a phantom
  2223 | D:3      | Noticed an ogre
  2319 | D:3      | Killed an ogre
  2320 | D:3      | Reached skill level 5 in Fighting
  2320 | D:3      | Reached skill level 1 in Armour
  2353 | D:3      | Found a sacrificial altar of Ru.
  2413 | D:3      | Reached XP level 6. HP: 23/51 MP: 6/6
  2610 | D:3      | Found a transporter.
  2941 | D:4      | Noticed Natasha
  2947 | D:4      | Killed Natasha
  2961 | D:4      | Noticed Natasha
  2968 | D:4      | Killed Natasha
  2979 | D:4      | Noticed Natasha
  2987 | D:4      | Killed Natasha
  2988 | D:4      | Reached skill level 6 in Fighting
  3190 | D:4      | Found a runed translucent door.
  3191 | D:4      | Noticed Crazy Yiuf
  3230 | D:4      | Reached XP level 7. HP: 58/58 MP: 7/7
  4123 | D:5      | Entered Level 5 of the Dungeon
  4527 | D:5      | Noticed Eustachio
  4535 | D:5      | Noticed Ijyb
  5384 | D:6      | Found Feilesch's General Store.
  5434 | D:6      | Reached skill level 1 in Evocations
  5434 | D:6      | Reached XP level 8. HP: 48/64 MP: 8/8
  5445 | D:6      | Noticed Sigmund
  5463 | D:6      | Killed Sigmund
  6300 | D:6      | Found a shadowy altar of Dithmenos.
  6385 | D:6      | Reached skill level 7 in Fighting
  6550 | D:6      | Reached skill level 5 in Evocations
  6701 | D:6      | Noticed Pikel
  6739 | D:6      | Killed Pikel
  6740 | D:6      | Gained mutation: Your movements are less encumbered by
                  | armour. (ER -4) [demonic ancestry]
  6740 | D:6      | Reached XP level 9. HP: 36/72 MP: 9/9
  7004 | D:6      | Reached skill level 5 in Armour
  7432 | D:6      | Found a staircase to the Ecumenical Temple.
  7437 | Temple   | Entered the Ecumenical Temple
  7563 | Temple   | Became a worshipper of Gozag Ym Sagoz the Greedy
  7615 | D:5      | Ijyb changed into Ijyb the bombardier beetle
  7615 | D:5      | Noticed Ijyb
  7621 | D:5      | Killed Ijyb the bombardier beetle
  7829 | D:5      | Eustachio changed into Eustachio the jelly
  7829 | D:5      | Noticed Eustachio
  7835 | D:5      | Killed Eustachio the jelly
  8343 | D:7      | Found a burning altar of Makhleb.
  8976 | D:7      | Found Usyedu's General Store.
  9246 | D:8      | Noticed Prince Ribbit
  9263 | D:8      | Killed Prince Ribbit
  9432 | D:8      | Reached skill level 8 in Fighting
  9432 | D:8      | Gained mutation: Your demonic aura sometimes causes spilled
                  | blood to erupt in flames. [demonic ancestry]
  9432 | D:8      | Reached XP level 10. HP: 44/76 MP: 10/10
 10646 | D:9      | Found a staircase to the Lair.
 11450 | D:9      | Reached skill level 9 in Fighting
 11913 | D:9      | Noticed a two-headed ogre
 11921 | D:9      | Killed a two-headed ogre
 12456 | Lair:1   | Entered Level 1 of the Lair of Beasts
 12485 | Lair:1   | Noticed a cane toad
 12486 | Lair:1   | Reached skill level 5 in Dodging
 12513 | D:9      | Reached skill level 10 in Fighting
 12711 | Lair:1   | Noticed a cane toad
 12724 | D:9      | Killed a cane toad
 12838 | Lair:1   | Killed a cane toad
 12843 | Lair:1   | Reached XP level 11. HP: 68/92 MP: 11/11
 12979 | Lair:1   | Noticed Fannar
 13003 | Lair:1   | Killed Fannar
 14037 | Lair:1   | Identified the blade talisman of the Onion {rElec rC+ rCorr
                  | Str-5}
 14097 | Lair:2   | Noticed AlmostFaded's ghost (journeyman OpSh)
 14534 | Lair:2   | Noticed a death yak
 14535 | Lair:2   | Noticed a death yak
 14535 | Lair:2   | Noticed a death yak
 14543 | Lair:2   | Found a runed translucent door.
 15185 | Lair:2   | Found a blossoming altar of Fedhas.
 15215 | Lair:2   | Noticed an oklob plant
 15965 | Lair:2   | HP: 6/138 [komodo dragon (10)]
 15976 | Lair:2   | HP: 5/138 [komodo dragon (9)]
 16448 | Lair:2   | Got the Guidebook on Frore Distillation
 16506 | Lair:2   | Noticed a death yak
 16506 | Lair:2   | Noticed a death yak
 16507 | Lair:2   | Noticed a death yak
 16554 | Lair:3   | Slain by a cane toad

Illustrated notes

Levels and vault maps discovered:
D:1:      doesnt_arrival_eight_statues, layout_loops_cross,
          chequers_ecumenical_altar_island, minmay_tromino_v4_b
D:2:      layout_basic
D:3:      layout_rooms, nicolae_ru_sacrificial_ziggurat,
          gammafunk_temple_overflow_claw, gammafunk_ghost_mausoleum,
          nicolae_the_louvre, uniq_jessica
D:4:      layout_loops_corners, grunt_ministairs_6, nrook_uturn, minivault_23,
          uniq_natasha, uniq_crazy_yiuf_cottage
D:5:      layout_cave_pools, uniq_ijyb, uniq_eustachio
D:6:      lemuel_ratsnest, layout_rooms, mainiacjoe_overflow_paths,
          temple_doors_ab, serial_shops, shop, kennysheep_generic_room_2,
          uniq_sigmund, uniq_pikel
D:7:      layout_basic, makhleb_heckhound_becter, serial_shops,
          nicolae_shop_stone
D:8:      layout_loops_ring, uniq_prince_ribbit1
D:9:      layout_loops_corners, lair_entry_dummy
Temple:   nicolae_temple_x_marks_the_god
Lair:1:   layout_gridlike, beast_lair_carwin_4, uniq_fannar
Lair:2:   layout_misc_corridors, minmay_shoals_entry_centaurs, basic_altar,
          hellmonk_ghost_happy_afterlife, tgw_fedhas
Lair:3:   layout_cave_pods, minmay_snake_entry_guardpost_small,
          hangedman_lair_unloving_vines, lemuel_oklob_altar, lemuel_fruit_tree

Skill      XL: |  1  2  3  4  5  6  7  8  9 10 11 |
---------------+----------------------------------+-----
Throwing       | 2 3 |  3.0
Stealth        | 1 2 3 4 |  4.0
Fighting       | 3 4 5 6 7 8 10 | 10.9
Armour         | 1 3 4 7 8 |  8.0
Dodging        | 3 4 5 7 |  7.9
Evocations     | 1 6 7 8 |  8.5
Long Blades    | |  2.6

Action                     |  1- 3 |  4- 6 |  7- 9 | 10-12 || total
---------------------------+-------+-------+-------+-------++-------
  Melee: Long sword        |    96 |       |       |       ||    96
         Headbutt          |    10 |    36 |    98 |   137 ||   281
         Punch             |     2 |     3 |     1 |     9 ||    15
         Spear             |       |   169 |   566 |   580 ||  1315
  Throw: Throwing net      |     3 |     3 |     1 |       ||     7
         Dart              |     2 |    19 |    27 |     1 ||    49
         Javelin           |       |     2 |     5 |       ||     7
 Invoke: Potion Petition   |       |       |       |     2 ||     2
  Evoke: Wand              |       |     2 |     7 |     4 ||    13
    Use: Scroll            |     1 |     3 |     7 |    11 ||    22
         Potion            |     1 |       |     4 |     7 ||    12
   Stab: Sleeping          |     1 |     7 |     3 |     4 ||    15
         Distracted        |       |       |       |     1 ||     1
 Armour: Leather armour    |    74 |     9 |       |       ||    83
         Ring mail         |       |    57 |   222 |       ||   279
         Scale mail        |       |       |   122 |    94 ||   216
         Chain mail        |       |       |       |   465 ||   465
         Skin              |       |       |       |    18 ||    18
  Dodge: Dodged            |    72 |    65 |   284 |   443 ||   864
